 Dungeon Crawl Stone Soup version 0.26-a0-542-gbaa144ba5c (webtiles) character file.

Game seed: 16725195032619273685

28 MrRokkomies the Stinger (level 3, -8/20 HPs)
             Began as a Tengu Venom Mage on Aug 18, 2020.
             Mangled by Natasha (10 damage)
             ... on level 2 of the Dungeon.
             The game lasted 00:02:12 (790 turns).

MrRokkomies the Stinger (Tengu Venom Mage)           Turns: 790, Time: 00:02:12

Health: -8/20      AC:  3    Str:  8    XL:     3   Next: 14%
Magic:  4/7        EV: 13    Int: 16    God:
Gold:   93         SH:  0    Dex: 14    Spells: 5/6 levels left

rFire    . . .     SeeInvis .   g - +0 spear
rCold    . . .     Faith    .   (no shield)
rNeg     . . .     Spirit   .   a - +0 robe
rPois    .         Reflect  .   (helmet restricted)
rElec    .         Harm     .   (no cloak)
rCorr    .                      f - +0 pair of gloves
MR       .....                  (boots unavailable)
Stlth    +.........             (no amulet)
HPRegen  0.06/turn              b - ring of attention
MPRegen  0.10/turn              (no ring)

@: very slightly contaminated, invisible
A: beak, talons 3
a: no special abilities


You were on level 2 of the Dungeon.
You visited 1 branch of the dungeon, and saw 2 of its levels.

You collected 93 gold pieces.

Inventory:

Hand Weapons
 e - a +0 dagger
 g - a +0 spear (weapon)
Armour
 a - a +0 robe (worn)
 f - a +0 pair of gloves (worn)
Jewellery
 b - a ring of attention (left hand)
Scrolls
 h - 2 scrolls of magic mapping
Potions
 d - a potion of might
 k - a potion of cancellation


   Skills:
 + Level 0.7 Fighting
 * Level 2.8 Dodging
 - Level 2.0 Stealth
 + Level 2.2 Spellcasting
 - Level 0.7 Transmutations
 * Level 3.4 Poison Magic


You had 5 spell levels left.
You knew the following spells:

 Your Spells              Type           Power        Failure   Level
a - Sting                 Tmut/Pois      #...         9%          1

Your spell library contained the following spells:

 Spells                   Type           Power        Failure   Level
 Poisonous Vapours        Pois/Air       #.....       16%         2
 Ignite Poison            Fire/Tmut/Pois #.......     34%         3
 Mephitic Cloud           Conj/Pois/Air  #.......     36%         3
 Olgreb's Toxic Radiance  Pois           ##......     43%         4


Dungeon Overview and Level Annotations

Branches:
Dungeon (2/15)

Altars:

Annotations:
D:2 Natasha


Innate Abilities, Weirdness & Mutations

You have a beak for a mouth.
You have claws for feet.


Message History

Aiming: Sting (safe; 9% risk of failure)
Press: ? - help, Shift-Dir - straight line, f/p - Natasha
Aim: Natasha (lightly wounded)
The sting hits Natasha but does no damage.
Natasha is poisoned.
Natasha is lightly wounded.
Natasha claws you.
* * * LOW HITPOINT WARNING * * *
You fade into invisibility!
Natasha closely misses you.
Unknown command.
Unknown command.
Casting: Sting (safe; 9% risk of failure)
Confirm with . or Enter, or press ? or * to list all spells.
Aiming: Sting (safe; 9% risk of failure)
Press: ? - help, Shift-Dir - straight line, f/p - Natasha
Aim: Natasha (moderately wounded, poisoned)
The sting misses Natasha.
Natasha claws you!
Ouch! That really hurt!
You die...

######### #.......)
#.#######
#############.# #.
#..........##.######.
#..............<..##.
####....#####.##.###.##.
............)....###.##.
#..!@..........##....
#.#h######.....#####. #.
#...........<.. #.
#.............. #.
#.........####. #.
####...#.## #. ..
....#(# #. .. .....#.# #
.)..##


You could see Natasha (poisoned).

Vanquished Creatures
  A dart slug (D:1)
  2 leopard geckos (D:1)
  3 bats (D:1)
  4 goblins (D:1)
  5 hobgoblins
  2 frilled lizards (D:1)
  5 rats (D:1)
22 creatures vanquished.

Notes
Turn   | Place    | Note
-------+----------+-------------------------------------------
     0 | D:1      | MrRokkomies the Tengu Venom Mage began the quest for the
                  | Orb.
     0 | D:1      | Reached XP level 1. HP: 10/10 MP: 4/4
   299 | D:1      | Reached XP level 2. HP: 14/15 MP: 1/6
   610 | D:1      | Reached XP level 3. HP: 20/20 MP: 7/7
   784 | D:2      | Noticed Natasha
   790 | D:2      | Mangled by Natasha

Illustrated notes

Levels and vault maps discovered:
D:1:      dpeg_arrival_three_bigger_balls, layout_basic, minmay_heptomino_d4
D:2:      layout_loops_ring, minitemple, minivault_25, uniq_natasha

Action                   || total
-------------------------++-------
Melee: Unarmed           ||    12
       Kick              ||    11
       Peck              ||     8
       Spear             ||    50
 Cast: Sting             ||    12
  Use: Scroll            ||     5
       Potion            ||     1
Armor: Robe              ||     8
Dodge: Dodged            ||    58

Table legend: (Time is in decaauts)
 A = Elapsed time spent in this place.
 B = Non-inter-level travel time spent in this place.
 C = Inter-level travel time spent in this place.
 D = Time resting spent in this place.
 E = Time spent auto-exploring this place.
 F = Levels seen in this place.
 G = Mean time per level.
                   A        B        C        D        E       F      G
               +--------+--------+--------+--------+--------+-----+--------+
         Total |    793 |    792 |      1 |      0 |    629 |   2 |  396.5 |
       Dungeon |    793 |    792 |      1 |      0 |    629 |   2 |  396.5 |
               +--------+--------+--------+--------+--------+-----+--------+

Top non-repeatable levels by time:
     D:1: 735 daAuts
     D:2: 57 daAuts
